[Event "Top 12 Féminin 2026"]
[Site "Asnières-sur-Seine, France"]
[Date "2026.05.15"]
[Round "3.14"]
[White "Aubert, Estee"]
[Black "Leriche, Ines"]
[Result "0-1"]
[TimeControl "1h30 / 40 moves + 30m + 30sec/move"]
[WhiteTitle "-"]
[BlackTitle "-"]
[WhiteFideId "-"]
[BlackFideId "-"]
[WhiteElo "1974"]
[BlackElo "1918"]

1. d4 d5 2. Bf4 c5 3. e3 cxd4 4. exd4 Nc6 5. Nc3 a6 6. Nf3 e6 7. a3 Bd6 8. Bg3 Nge7 9. Bd3 O-O 10.
Bxh7+ Kxh7 11. Ng5+ Kg6 12. h4 f5 13. Ne2 Qc7 14. Bxd6 Qxd6 15. Qd3 e5 16. dxe5 Nxe5 17. Qe3 Ng4 18.
Qd2 Rh8 19. f3 Ne5 20. O-O-O Bd7 21. Qd4 Rac8 22. Nf4+ Kf6 23. g4 Rc4 24. Qd2 Qc5 25. Nd3 Nxd3+ 26. Qxd3 Rc8 27. Rh2 d4 28.
Re2 Nd5 29. gxf5 Bxf5 30. Ne4+ Bxe4 31. Qxe4 Ne3 32. Rdd2 Qf5 33. Rxe3 Rxc2+ 34. Rxc2 Rxc2+ 35. Qxc2 dxe3 36. Qxf5+ Kxf5 37. Kd1 Kf4 38. Ke2 g6 39.
b3 b6 40. b4 b5 41. Ke1 Kxf3 0-1

[Event "Top 12 Féminin 2026"]
[Site "Asnières-sur-Seine, France"]
[Date "2026.05.15"]
[Round "3.15"]
[White "Barbotte, Jeanne"]
[Black "Auvray, Honorine"]
[Result "0-1"]
[TimeControl "1h30 / 40 moves + 30m + 30sec/move"]
[WhiteTitle "-"]
[BlackTitle "WFM"]
[WhiteFideId "-"]
[BlackFideId "-"]
[WhiteElo "1860"]
[BlackElo "2025"]

1. e4 c5 2. Nf3 Nc6 3. Bb5 e6 4. O-O Nge7 5. Re1 h6 6. d4 cxd4 7. Nxd4 Qb6 8. Bxc6 Nxc6 9. Nb3 d6 10.
Be3 Qc7 11. Nc3 Be7 12. Qg4 g6 13. Rad1 Ne5 14. Qe2 Bd7 15. Nd4 a6 16. f4 Nc4 17. Bc1 b5 18. Qd3 b4 19. Nce2 e5 20.
Nf3 Bb5 21. Qd5 Rc8 22. c3 Qa7+ 23. Kh1 Rc5 24. Qd3 Nxb2 25. Qc2 Nxd1 26. Rxd1 Qc7 27. Be3 Bxe2 28. Qxe2 Rxc3 29. Bd2 Rc6 30.
Bxb4 O-O 31. Bd2 Kg7 32. fxe5 dxe5 33. Qe3 g5 34. h4 g4 35. Nh2 h5 36. Rf1 Bxh4 37. Rf5 Rh8 38. g3 Be7 39.
Qf2 Bc5 40. Qe2 Be7 41. Nf1 Rf6 42. Ne3 Qc5 43. Rxf6 Bxf6 44. Qxa6 Rb8 45. Qd3 Kg6 46. Qf1 Qd4 47. Qf5+ Kg7 48.
Nf1 Be7 49. Be3 Qa1 50. Kg2 Rb2+ 51. Nd2 Rxa2 52. Qxh5 Qd1 53. Qxe5+ Kh7 54. Qh5+ Kg8 55. Qf5 Rxd2+ 0-1

[Event "Top 12 Féminin 2026"]
[Site "Asnières-sur-Seine, France"]
[Date "2026.05.15"]
[Round "3.16"]
[White "Grimault, Leane"]
[Black "Carnet, Anaelle"]
[Result "1/2-1/2"]
[TimeControl "1h30 / 40 moves + 30m + 30sec/move"]
[WhiteTitle "-"]
[BlackTitle "-"]
[WhiteFideId "-"]
[BlackFideId "-"]
[WhiteElo "1932"]
[BlackElo "1786"]

1. Nf3 d5 2. e3 e6 3. c4 Nf6 4. b3 Be7 5. Bb2 O-O 6. Nc3 a6 7. Be2 dxc4 8. bxc4 c5 9. O-O Nc6 10. a3 e5 11. Qc2 h6 12.
Rfd1 Be6 13. Rab1 Rb8 14. Na4 Qc7 15. d4 exd4 16. exd4 Nxd4 17. Nxd4 cxd4 18. Bxd4 b5 19. Nb2 Rfc8 20.
Qc3 b4 21. axb4 Bxb4 22. Qe3 Qe7 23. h3 Bc5 24. Bxc5 Rxc5 25. Na4 Rxb1 26. Rxb1 Rc7 27. Bd3 Rc8 28. c5 a5 29. Nb6 Rxc5 30.
Nc4 Qc7 31. Na3 Nd5 32. Qd2 Nb4 33. Be4 Qc8 34. Rd1 Bf5 35. Bf3 Bg6 36. Bg4 Qc7 37. Qe3 Re5 38. Qg3 Qe7 39. Qc3 Kh7 40.
Nc4 Rc5 41. Rd7 Qg5 42. Bf3 Qf4 43. Rd4 Qf6 44. Qd2 Qe6 45. Nxa5 Rxa5 46. Rxb4 Ra1+ 47. Kh2 Ra2 48. Qd4 Rxf2 49.
Qxf2 Qd6+ 50. Kg1 Qxb4 51. Bd5 Qe7 52. Bc4 Qc7 53. Bd5 f6 54. Qa2 Qc8 55. Be6 Qd8 56. Qc4 Qb8 57. Qd5 Qe8 58.
Qc4 Qd8 59. Bd5 Qe8 60. Be6 Qa8 61. Bd5 Qa1+ 62. Kh2 Qe5+ 63. Kg1 f5 64. Bg8+ Kh8 65. Be6 Qe1+ 66. Kh2 Qe5+ 67. Kg1 Qe1+ 68.
Kh2 Qe5+ 1/2-1/2

[Event "Top 12 Féminin 2026"]
[Site "Asnières-sur-Seine, France"]
[Date "2026.05.16"]
[Round "4.1"]
[White "Ushenina, Anna"]
[Black "Kosteniuk, Alexandra"]
[Result "1-0"]
[TimeControl "1h30 / 40 moves + 30m + 30sec/move"]
[WhiteTitle "GM"]
[BlackTitle "GM"]
[WhiteFideId "-"]
[BlackFideId "-"]
[WhiteElo "2420"]
[BlackElo "2491"]

1. d4 d5 2. c4 e6 3. Nf3 c6 4. g3 Nf6 5. Bg2 Be7 6. O-O O-O 7. Nc3 a5 8. Bg5 dxc4 9. Ne5 Nd5 10.
Bxe7 Qxe7 11. Nxc4 Nd7 12. Rc1 Rd8 13. e4 N5b6 14. Ne3 e5 15. d5 Nf6 16. Re1 h5 17. a3 Ng4 18. Qb3 Nd7 19.
Nf5 Qc5 20. Qc2 g6 21. Nh4 Ngf6 22. Nf3 Re8 23. Red1 Kg7 24. Qe2 Qa7 25. b4 axb4 26. axb4 Qa3 27. b5 cxd5 28. Nxd5 Nxd5 29.
exd5 e4 30. h3 exf3 31. Qxe8 Nf6 32. Qe1 fxg2 33. Ra1 Qb3 34. Rxa8 Bxh3 35. Raa1 Qxb5 36. Qe5 Bf5 37. Re1 h4 38.
gxh4 Qxd5 39. Qxd5 Nxd5 40. Kxg2 b5 41. Ra5 Bd3 42.
Kg3 Bc4 43. Re8 Nf6 44. Rd8 Ne4+ 45. Kf3 Nc5 46. Ra7 Kf6 47. Rc8 Ne6 48. Ke4 Ng7 49. Rc5 Ne6 50. Rc6 Bf1 51. Rd6 Bc4 52.
Rb6 Kg7 53. f3 Nc5+ 54. Kf4 Kh6 55. Ra8 Kg7 56. Rc8 Nd3+ 57. Ke4 Ne1 58. Rbb8 Kf6 59. Rc5 Bd3+ 60. Ke3 Bc4 61. h5 gxh5 62.
Rxh5 Nd3 63. f4 Ne1 64. Rb6+ Ke7 65. Rhxb5 Bxb5 66.
Rxb5 Ng2+ 67. Ke4 Nh4 68. f5 Kf6 69. Rb1 1-0

[Event "Top 12 Féminin 2026"]
[Site "Asnières-sur-Seine, France"]
[Date "2026.05.16"]
[Round "4.3"]
[White "Alexieva, Silvia"]
[Black "Cramling, Pia"]
[Result "0-1"]
[TimeControl "1h30 / 40 moves + 30m + 30sec/move"]
[WhiteTitle "IM"]
[BlackTitle "GM"]
[WhiteFideId "-"]
[BlackFideId "-"]
[WhiteElo "2197"]
[BlackElo "2384"]

1. d4 Nf6 2. c4 e6 3. Bf4 Bb4+ 4. Nd2 c5 5. dxc5 Bxc5 6. e3 Nc6 7. Ngf3 O-O 8. Bg5 h6 9. Bh4 Be7 10.
Be2 d5 11. O-O d4 12. exd4 Nxd4 13. Bg3 Nxe2+ 14. Qxe2 Nh5 15. Be5 f6 16. Bc3 Nf4 17. Qe3 e5 18. Rfd1 Qc7 19. b4 Bf5 20.
g3 Nh3+ 21. Kg2 Qc6 22. c5 Rad8 23. Nc4 Ng5 0-1

[Event "Top 12 Féminin 2026"]
[Site "Asnières-sur-Seine, France"]
[Date "2026.05.16"]
[Round "4.4"]
[White "Belenkaya, Dina"]
[Black "Bellaiche, Elise"]
[Result "1-0"]
[TimeControl "1h30 / 40 moves + 30m + 30sec/move"]
[WhiteTitle "WGM"]
[BlackTitle "WFM"]
[WhiteFideId "-"]
[BlackFideId "-"]
[WhiteElo "2186"]
[BlackElo "2020"]

1. d4 d5 2. c4 e6 3. Nc3 Nf6 4. cxd5 exd5 5. Bg5 c6 6. e3 Be7 7. Bd3 O-O 8. Bh4 Nbd7 9. Bg3 Re8 10.
Qc2 Nf8 11. Nf3 Bd6 12. Ne5 Ng6 13. f4 c5 14. O-O a6 15. Kh1 c4 16. Be2 b5 17. Bf3 Bb7 18. a3 Qb6 19. h4 Ne7 20.
h5 Bc8 21. Bh4 Bc7 22. Bxf6 Qxf6 23. Nxd5 Nxd5 24. Bxd5 Be6 25. Bxa8 Rxa8 26. Kg1 Qh4 27. f5 Bd5 28. f6 gxf6 29. Rf4 Qxh5 30. Ng4 Bd8 31.
e4 Be6 32. Nxf6+ Bxf6 33. Rxf6 Qg5 34. Raf1 Qe3+ 35. Qf2 Qxe4 36. Re1 Qg4 37. Rf4 Qg7 38. Qf3 Rd8 39. Rxe6 fxe6 40. Rg4 Rxd4 41.
Qa8+ 1-0

[Event "Top 12 Féminin 2026"]
[Site "Asnières-sur-Seine, France"]
[Date "2026.05.16"]
[Round "4.5"]
[White "Batsiashvili, Nino"]
[Black "Tokhirjonova, Gulrukhbegim"]
[Result "0-1"]
[TimeControl "1h30 / 40 moves + 30m + 30sec/move"]
[WhiteTitle "GM"]
[BlackTitle "IM"]
[WhiteFideId "-"]
[BlackFideId "-"]
[WhiteElo "2475"]
[BlackElo "2335"]

1. d4 Nf6 2. c4 e6 3. Nc3 Bb4 4.
e3 O-O 5. a3 Bxc3+ 6. bxc3 Ne4 7. Bd3 f5 8. Ne2 d6 9. O-O b6 10. Qc2 Bb7 11. f3 Nf6 12. Nf4 Qe7 13. d5 Bc8 14.
dxe6 Bxe6 15. Nxe6 Qxe6 16. Bxf5 Qxc4 17. Qa2 Qxa2 18. Rxa2 Nbd7 19. g4 Nc5 20. Rg2 Rae8 21. Bb1 Kh8 22.
Ba2 Nfd7 23. Bd2 Ne5 24. f4 Ned3 25. g5 Ne4 26. Rf3 g6 27. h4 Ndc5 28. Bd5 b5 29. Rh3 Rf5 30. c4 bxc4 31.
Bxc4 d5 32. Ba2 h5 33. Ba5 Ne6 34. Bb1 Rb8 35. Bc2 Rb5 36. Be1 c5 37. Rf3 c4 38. Rf1 N6c5 39. Bb4 Nd3 40. Ba4 Rb7 41.
Bc6 Rc7 42. Be8 Kh7 43. Rc2 Nxb4 44. axb4 Rf8 45. Ba4 Rb8 46. f5 gxf5 47. Rxf5 Rxb4 48. Be8 Nd6 49. Re5 Nxe8 50. Rxe8 c3 51.
Kf2 Rxh4 52. Ke2 Rh2+ 53. Kd3 Rxc2 54. Kxc2 Kg6 55. Re5 h4 56. Rxd5 h3 57. Rd8 h2 58. Rd1 Kxg5 59. Rh1 Rh7 60. Kxc3 Kg4 61. Kd4 Kg3 62.
e4 Kg2 0-1

[Event "Top 12 Féminin 2026"]
[Site "Asnières-sur-Seine, France"]
[Date "2026.05.16"]
[Round "4.6"]
[White "Bosc, Seraphina"]
[Black "Guichard, Pauline"]
[Result "1/2-1/2"]
[TimeControl "1h30 / 40 moves + 30m + 30sec/move"]
[WhiteTitle "WIM"]
[BlackTitle "IM"]
[WhiteFideId "-"]
[BlackFideId "-"]
[WhiteElo "2230"]
[BlackElo "2333"]

1. b3 e5 2. Bb2 Nc6 3. c4 Nf6 4. e3 d5 5. cxd5 Nxd5 6. a3 Bd6 7. d3 Qe7 8. Nd2 f5 9. Ngf3 g5 10.
Nc4 Bd7 11. d4 e4 12. Nfe5 O-O-O 13. Nxd7 Rxd7 14. b4 Rf8 15. Be2 Kb8 16. b5 Nd8 17. Qc2 Qe6 18. h3 g4 19. g3 h5 20.
h4 Rg7 21. Nxd6 Qxd6 22. Qc5 Rd7 23. Qxd6 Rxd6 24. a4 Rd7 25. O-O b6 26. Ba3 Rf6 27. Rac1 Nb7 28. Bc4 Na5 29. Ba2 a6 30.
Rc2 axb5 31. axb5 Kb7 32. Rb1 Rh6 33. Kg2 Rh8 34. Rbc1 Rc8 35. Rc6 Rh8 36. Bxd5 Rxd5 37. Rxc7+ Kb8 38.
Rf7 Rc8 39. Rxc8+ Kxc8 40. Rh7 Nc4 41. Bc1 Rxb5 42. Rxh5 Rb1 43. Rxf5 Rxc1 44. Rf4 Nd6 45. h5 Kd7 46. Rxg4 Rc8 47.
d5 Ke7 48. Rg6 b5 49. h6 b4 50. Re6+ Kd7 51. Rg6 Ke7 52. Re6+ Kd7 53. Rg6 Ke7 54. Re6+ Rh8 55. Rg6 Kf6 56. Rg7 Ke7 57. Rg6 b3 58. g4 Kf6 59. Rg7 Ke7 60. Rg6
Kd7 1/2-1/2

[Event "Top 12 Féminin 2026"]
[Site "Asnières-sur-Seine, France"]
[Date "2026.05.16"]
[Round "4.7"]
[White "Iglesias, Yosha"]
[Black "Hernandez, Lara"]
[Result "1-0"]
[TimeControl "1h30 / 40 moves + 30m + 30sec/move"]
[WhiteTitle "FM"]
[BlackTitle "WCM"]
[WhiteFideId "-"]
[BlackFideId "-"]
[WhiteElo "2325"]
[BlackElo "2014"]

1. d4 Nf6 2. Bf4 d5 3. e3 c5 4. c3 Nc6 5. Nd2 Bf5 6. Qb3 Qd7 7. Ngf3 c4 8. Qd1 e6 9. Be2 Be7 10.
O-O O-O 11. Ne5 Nxe5 12. Bxe5 Ne4 13. Nxe4 Bxe4 14. Re1 f6 15. Bg3 b5 16. f3 Bg6 17. e4 Rfe8 18. Qd2 Bd6 19. e5 fxe5 20.
Bxe5 Bxe5 21. dxe5 a6 22. Qd4 Qa7 23. Rad1 Qxd4+ 24. Rxd4 Kf7 25. h4 Ke7 26. Kf2 Rf8 27. Rh1 h5 28.
Rh3 Bb1 29. Rg3 Rf7 30. Ke3 Rg8 31. Rd1 Bc2 32. Rc1 Bf5 33. Rg5 g6 34. g4 hxg4 35. fxg4 Be4 36. Rf1 Rxf1 37. Bxf1 Rf8 38.
Be2 Kf7 39. Bf3 Bd3 40. Kd4 Kg7 41. Bh1 Rf1 42. Bxd5 exd5 43. Kxd5 Rh1 44. e6 Rxh4 45. e7 Kf7 46. Kd6 Rh8 47.
Re5 Re8 48. Re3 Ra8 49. Rf3+ Kg8 50. Kd7 Ra7+ 51. Ke6 Ra8 52. Re3 g5 53. Kd7 Ra7+ 54. Kc6 Bg6 55. e8=Q+ Bxe8+ 56.
Rxe8+ Kf7 57. Re2 Kf6 58. Kb6 Ra8 59. Kb7 Rd8 60. Kxa6 1-0

[Event "Top 12 Féminin 2026"]
[Site "Asnières-sur-Seine, France"]
[Date "2026.05.16"]
[Round "4.8"]
[White "Guerin, Juliette"]
[Black "Belluire, Beatrice"]
[Result "0-1"]
[TimeControl "1h30 / 40 moves + 30m + 30sec/move"]
[WhiteTitle "-"]
[BlackTitle "WFM"]
[WhiteFideId "-"]
[BlackFideId "-"]
[WhiteElo "1920"]
[BlackElo "2123"]

1. e4 e5 2. Nf3 Nc6 3. Bc4 Nf6 4. Ng5 d5 5. exd5 Na5 6. Bb5+ c6 7. dxc6 bxc6 8. Bd3 Nd5 9. Nf3 Bd6 10.
O-O Nf4 11. Re1 Nxd3 12. cxd3 O-O 13. Nc3 Re8 14. Ne4 Bc7 15. Qe2 f5 16. Nc5 Qd6 17. b4 Nb7 18. d4 e4 19. g3 Nxc5 20.
dxc5 Qf6 21. Ba3 Be6 22. Nh4 Bd5 23. Ng2 f4 24. Nxf4 Bxf4 25. gxf4 Qg6+ 26. Kf1 Be6 27. f5 Bxf5 28.
Qe3 Qh5 29. Qg3 Bh3+ 30. Kg1 Re5 31. Kh1 Bg4 32. h4 Bf3+ 33. Kh2 Re6 34. Qg5 Qf7 35. Rg1 Rg6 36. Qe3 Qf6 37. Rg5 Rxg5 0-1

[Event "Top 12 Féminin 2026"]
[Site "Asnières-sur-Seine, France"]
[Date "2026.05.16"]
[Round "4.9"]
[White "Gaal, Zsoka"]
[Black "Osmak, Yuliaa"]
[Result "1/2-1/2"]
[TimeControl "1h30 / 40 moves + 30m + 30sec/move"]
[WhiteTitle "IM"]
[BlackTitle "IM"]
[WhiteFideId "-"]
[BlackFideId "14101602"]
[WhiteElo "2374"]
[BlackElo "2451"]

1. d4 Nf6 2. c4 e6 3. Nf3 d5 4. Nc3 Be7 5. Bf4 O-O 6. e3 Nbd7 7. Be2 dxc4 8. O-O c5 9. dxc5 Nxc5 10.
Bxc4 a6 11. Qc2 b5 12. Be2 Bb7 13. Rfd1 Qb6 14. Be5 Rac8 15. Bd4 Qc6 16. Rac1 h6 17. Ne1 Qc7 18. Bf3 Qb8 19. Qe2 b4 20.
Bxb7 Qxb7 21. Nb1 Ncd7 22. Nf3 Qb5 23. Qxb5 axb5 24. Nbd2 Rxc1 25. Rxc1 Ra8 26. Rc7 Bd6 27. Rc6 Bf8 28.
e4 Rxa2 29. Kf1 Ra8 30. Ke2 g5 31. h3 Rb8 32. Rc7 Bd6 33. Ra7 Bc5 34. Bxc5 Nxc5 35. Ne5 Rf8 36. Ke3 Na4 37. Nd3 Rc8 38.
Rb7 Rc2 39. b3 Nc3 40. Ne5 Nd1+ 41. Kd3 Rb2 42. Nxf7 Nxf2+ 43. Ke3 Nd1+ 44. Kd3 Nf2+ 45. Ke3 Nd1+ 46. Kd3 Nf2+ 1/2-1/2

[Event "Top 12 Féminin 2026"]
[Site "Asnières-sur-Seine, France"]
[Date "2026.05.16"]
[Round "4.10"]
[White "Schippke, Manon"]
[Black "Fernandez, Laura"]
[Result "1-0"]
[TimeControl "1h30 / 40 moves + 30m + 30sec/move"]
[WhiteTitle "WIM"]
[BlackTitle "-"]
[WhiteFideId "-"]
[BlackFideId "-"]
[WhiteElo "2311"]
[BlackElo "2017"]

1. e4 d5 2. exd5 Qxd5 3. Nc3 Qd6 4. d4 Nf6 5. Nf3 a6 6. h3 c5 7. dxc5 Qxd1+ 8. Nxd1 e6 9. b4 a5 10.
c3 Nd5 11. Bd2 Be7 12. Bc4 Bf6 13. Rb1 O-O 14. O-O Nc6 15. Re1 Rd8 16. a3 axb4 17. axb4 Ra3 18. Bxd5 Rxd5 19. Ne3 Rd3 20. Nc4 Ra2 21. Nb6 Rd8 22. Bg5 Bxg5 23. Nxg5 e5 24.
Rbd1 Re8 25. Nxc8 Rxc8 26. Rd7 h6 27. Ne4 Rd8 28. Rxb7 Rd3 29. b5 Na7 30. c6 f5 31. c7 Nc8 32.
Rb8 fxe4 33. Rxc8+ Kf7 34. Rf8+ Kxf8 35. c8=Q+ Ke7 36.
Rxe4 1-0

[Event "Top 12 Féminin 2026"]
[Site "Asnières-sur-Seine, France"]
[Date "2026.05.16"]
[Round "4.11"]
[White "Aubert, Estee"]
[Black "Daulyte-Cornette, Deimante"]
[Result "0-1"]
[TimeControl "1h30 / 40 moves + 30m + 30sec/move"]
[WhiteTitle "-"]
[BlackTitle "IM"]
[WhiteFideId "-"]
[BlackFideId "-"]
[WhiteElo "1974"]
[BlackElo "2389"]

1. d4 d5 2. Bf4 c5 3.
e4 dxe4 4. d5 Nf6 5. Nc3 g6 6.
Qe2 Bg7 7. O-O-O O-O 8. Nxe4 Nxe4 9. Qxe4 Bf5 10. Qe3 Qa5 11. a3 Nd7 12. Bh6 Qa4 13. Rd2 Bd4 14. Qg3 Nf6 15. Bd3 Nh5 16.
Qf3 Bg4 17. Qe4 Nf6 18. Qe1 c4 19. Bxc4 Qxc4 20. Bxf8 Kxf8 21. h3 Bf5 22. Nf3 Bb6 23. Qe5 Bc7 24. Qd4 Qa2 25. Rdd1 Ba5 26.
b3 Qxc2# 0-1

[Event "Top 12 Féminin 2026"]
[Site "Asnières-sur-Seine, France"]
[Date "2026.05.16"]
[Round "4.12"]
[White "Tomasi, Elise"]
[Black "Auvray, Honorine"]
[Result "1/2-1/2"]
[TimeControl "1h30 / 40 moves + 30m + 30sec/move"]
[WhiteTitle "WFM"]
[BlackTitle "WFM"]
[WhiteFideId "-"]
[BlackFideId "-"]
[WhiteElo "2072"]
[BlackElo "2025"]

1. d4 d5 2. Nf3 Nf6 3. g3 e6 4. Bg2 Be7 5. O-O O-O 6. c4 c6 7. Qc2 b6 8. Nbd2 Bb7 9. e4 Na6 10.
a3 c5 11. cxd5 exd5 12. e5 Ne4 13.
dxc5 Naxc5 14. b4 Nxd2 15. Nxd2 Ne6 16. Bb2 a5 17. Qb3 Qd7 18. f4 axb4 19. axb4 Qb5 20. Rxa8 Bxa8 21. f5 Ng5 22.
f6 Bxb4 23. fxg7 Re8 24. Bd4 Ne6 25. Bf2 Qa5 26. Nf3 Bc5 27. Qd3 Bxf2+ 28. Rxf2 Qc5 29. Qf5 Nxg7 30. Qf4 Ne6 31. Qf5 Qc1+ 32.
Bf1 Rf8 33. Qh3 d4 34. Nxd4 Nxd4 35. Qg4+ Kh8 36. Qxd4 Qc5 37. Qf4 Kg8 38. Qg5+ Kh8 39. Qh6 Be4 40. h4 b5 41. h5 Qe7 42. Bxb5 Rb8 43. Bf1 Qxe5 44.
Qf4 1/2-1/2

[Event "Top 12 Féminin 2026"]
[Site "Asnières-sur-Seine, France"]
[Date "2026.05.16"]
[Round "4.13"]
[White "Cosma, Elena-Luminita"]
[Black "Krasteva, Beloslava"]
[Result "0-1"]
[TimeControl "1h30 / 40 moves + 30m + 30sec/move"]
[WhiteTitle "WGM"]
[BlackTitle "WGM"]
[WhiteFideId "-"]
[BlackFideId "-"]
[WhiteElo "2241"]
[BlackElo "2285"]

1. d4 Nf6 2. Nf3 d5 3. c4 e6 4. g3 Be7 5. Bg2 O-O 6. O-O a5 7. b3 a4 8. Ba3 b6 9. Ne5 Bb7 10.
Bxe7 Qxe7 11. Nc3 axb3 12. axb3 Na6 13. Qd2 Rfd8 14. cxd5 exd5 15. e3 c5 16. Rfc1 Ne4 17. Qb2 Nb4 18.
Nxe4 dxe4 19. Rxa8 Bxa8 20. Ra1 b5 21. h4 f6 22. Ng4 Nd3 23. Qe2 Bd5 24. Rb1 Qe6 25. dxc5 f5 26. Nh2 Bxb3 27.
g4 Bc4 28. Nf1 Nf4 29. Qb2 Ne2+ 30. Kh2 Qh6 31. h5 Qg5 32. gxf5 Qh4+ 33. Bh3 Qxf2+ 34. Bg2 Qh4+ 35. Bh3 Qf2+ 36.
Bg2 Qxf5 37. Ng3 Nxg3 38. Kxg3 Qxh5 39. Ra1 Qxc5 40. Kh2 Qxe3 41. Qe5 Qh6+ 42. Kg1 Qe3+ 43. Kh2 Qd4 44. Qg5 h6 45. Qe7 e3 46. Ra3 e2 47.
Rg3 Rf8 48. Bf3 Qf6 49. Qe4 Qe6 50. Qd4 Qe7 0-1

[Event "Top 12 Féminin 2026"]
[Site "Asnières-sur-Seine, France"]
[Date "2026.05.16"]
[Round "4.14"]
[White "Leriche, Ines"]
[Black "Monpeurt, Cyrielle"]
[Result "1/2-1/2"]
[TimeControl "1h30 / 40 moves + 30m + 30sec/move"]
[WhiteTitle "-"]
[BlackTitle "WFM"]
[WhiteFideId "-"]
[BlackFideId "-"]
[WhiteElo "1918"]
[BlackElo "2199"]

1. d4 d5 2. Nf3 e6 3. e3 Nf6 4. Be2 Bd6 5. O-O O-O 6. b3 b6 7. Bb2 Bb7 8. c4 Nbd7 9. Nc3 a6 10.
Rc1 Ne4 11. Nxe4 dxe4 12. Nd2 f5 13. Re1 f4 14. Bg4 Qf6 15. c5 fxe3 16. fxe3 bxc5 17. dxc5 Qf2+ 18. Kh1 Nxc5 19. Rxc5 Bxc5 20.
Bxe6+ Kh8 21. Qa1 Rg8 22. Nc4 Raf8 23. Ne5 Bd6 24. Rd1 Qxe3 25. Nf7+ Rxf7 26. Bxf7 Qh6 27. Rxd6 cxd6 28. Bxg8 Kxg8 29.
Qf1 Qd2 30. Bc1 Qxa2 31. Qc4+ d5 32. Qc7 Qxb3 33. Qd8+ Kf7 34. Qd7+ Kf8 35. Qd8+ Kf7 36. Qd7+ Kf8 1/2-1/2

[Event "Top 12 Féminin 2026"]
[Site "Asnières-sur-Seine, France"]
[Date "2026.05.16"]
[Round "4.15"]
[White "Sterpu, Constanta-Andreea"]
[Black "Carnet, Anaelle"]
[Result "1-0"]
[TimeControl "1h30 / 40 moves + 30m + 30sec/move"]
[WhiteTitle "-"]
[BlackTitle "-"]
[WhiteFideId "-"]
[BlackFideId "-"]
[WhiteElo "1984"]
[BlackElo "1786"]

1. d4 d5 2. Nf3 e6 3. e3 Nf6 4. Bd3 Be7 5. O-O O-O 6. b3 b6 7. c4 Bb7 8. Nc3 c5 9. dxc5 Bxc5 10.
Qe2 Nc6 11. Rd1 Qe7 12. cxd5 Nxd5 13. Nxd5 exd5 14. Bb2 Rad8 15. a3 Rfe8 16. b4 Bd6 17. Qc2 h6 18. Bb5 Rc8 19. Qf5 Red8 20.
Bd3 g6 21. Qh3 h5 22. Nh4 Qg5 23. f4 Qg4 24. Qxg4 hxg4 25. Be2 Be7 26. g3 Bxh4 27. gxh4 f5 28. Kf2 Kf7 29. Bd3 Ke6 30.
Rac1 Ne7 31. Bb1 Rxc1 32. Rxc1 Rc8 33. Rd1 Ng8 34. Rd2 Nf6 35. Bd4 Ne4+ 36. Bxe4 dxe4 37. Be5 Bd5 38. h3 gxh3 39.
Kg3 b5 40. Kxh3 a6 41. h5 gxh5 42. Rg2 Rc6 43. Kh4 Ke7 44. Rg7+ Bf7 45. Kg5 h4 46. Rh7 Rc2 47. Kxf5 Rc6 48.
Kxe4 Rc4+ 49. Bd4 Ke6 50. Rh6+ Ke7 51. Rxh4 Bg6+ 52. f5 Be8 53. Ke5 Rc6 54. Rh7+ Kd8 55. Bc5 Bd7 56. e4 Kc7 57.
Rh8 Kb7 58. Bd6 Rc8 59. Rxc8 Kxc8 60. f6 Be8 61. Ke6 Kb7 62. f7 Bxf7+ 63. Kxf7 Kc6 64. Bc5 Kd7 65. e5 Kd8 66. e6 Kc7 67.
e7 Kb7 68. e8=Q Kc7 69. Qe7+ Kc8 70. Bb6 a5 71. Qc7# 1-0

[Event "Top 12 Féminin 2026"]
[Site "Asnières-sur-Seine, France"]
[Date "2026.05.16"]
[Round "4.16"]
[White "Barbotte, Jeanne"]
[Black "Milojevic-Daim, Lola-Shaina"]
[Result "1/2-1/2"]
[TimeControl "1h30 / 40 moves + 30m + 30sec/move"]
[WhiteTitle "-"]
[BlackTitle "-"]
[WhiteFideId "-"]
[BlackFideId "-"]
[WhiteElo "1860"]
[BlackElo "1950"]

1. e4 c6 2. d4 d5 3. Nc3 dxe4 4. Nxe4 Nf6 5. Nxf6+ exf6 6. c3 Bd6 7. Bd3 O-O 8. Qc2 Re8+ 9.
Ne2 h5 10. Be3 Nd7 11. O-O-O Nf8 12. c4 g6 13. Nc3 Be6 14. Rhe1 Bg4 15. Ne2 Bb4 16. Bd2 Bxd2+ 17. Qxd2 Bxe2 18.
Bxe2 Qc7 19. Bf3 Ne6 20. g3 Rad8 21. Qc3 Ng5 22. Bg2 f5 23. Rxe8+ 1/2-1/2

[Event "Top 12 Féminin 2026"]
[Site "Asnières-sur-Seine, France"]
[Date "2026.05.17"]
[Round "5.1"]
[White "Kosteniuk, Alexandra"]
[Black "Bulmaga, Irina"]
[Result "1-0"]
[TimeControl "1h30 / 40 moves + 30m + 30sec/move"]
[WhiteTitle "GM"]
[BlackTitle "IM"]
[WhiteFideId "-"]
[BlackFideId "-"]
[WhiteElo "2491"]
[BlackElo "2361"]

1. d4 Nf6 2. Nf3 e6 3. e3 b6 4. Bd3 Bb7 5. O-O d5 6. b3 Nbd7 7. Bb2 Bd6 8. Qe2 a6 9. a4 O-O 10.
Ne5 Ne4 11. Nxd7 Qxd7 12. a5 b5 13. f3 f5 14. c4 bxc4 15. bxc4 dxc4 16. Bxc4 Nf6 17. Nc3 Kh8 18. Ba3 f4 19.
Na4 fxe3 20. Nc5 Bxc5 21. Bxc5 Rfe8 22. Qxe3 Nd5 23. Qe5 Bc6 24. Rfe1 Bb5 25. Bb3 Rab8 26. Bc2 Nf6 27. Rac1 Qf7 28.
Bb1 Rbd8 29. Qf4 Qd7 30. Qh4 Qf7 31. Re5 Rd5 32. Bb4 Rxe5 33. dxe5 g5 34. Qxg5 Nd5 35. Bd2 Rg8 36. Qh6 c6 37.
Bg5 Qg7 38. Qh4 Qa7+ 39. Kh1 Rg7 40. Be4 Kg8 41. Qh6 Qd7 42. h4 Be2 43. Rc2 Bf1 44. Rb2 Bb5 45. Rd2 c5 46. Bf6 Rf7 47.
Qg5+ Kf8 48. Rxd5 exd5 49. Bf5 Qc7 50. e6 Re7 51. Bg4 d4 52. Be5 1-0

[Event "Top 12 Féminin 2026"]
[Site "Asnières-sur-Seine, France"]
[Date "2026.05.17"]
[Round "5.2"]
[White "Bensdorp-De Labaca, Marlies"]
[Black "Cramling, Pia"]
[Result "0-1"]
[TimeControl "1h30 / 40 moves + 30m + 30sec/move"]
[WhiteTitle "WIM"]
[BlackTitle "GM"]
[WhiteFideId "-"]
[BlackFideId "-"]
[WhiteElo "2175"]
[BlackElo "2384"]

1. d4 Nf6 2. c4 e6 3. Nf3 Bb4+ 4. Bd2 c5 5. dxc5 Bxc5 6. e3 O-O 7. Nc3 Nc6 8. Bd3 d5 9. O-O dxc4 10.
Bxc4 e5 11. e4 Bg4 12. Be2 h6 13. h3 Be6 14. Bb5 Nd4 15. Bd3 Nb3 16. axb3 Qxd3 17. Nxe5 Qg3 18. Nc4 Bxh3 19. Qf3 Qxf3 20.
gxf3 Bxf1 21. Kxf1 Rfd8 22. Ke2 Rac8 23. Ne3 a6 24. Nf5 Kh7 25. Rg1 Bf8 26. Be3 g6 27. Nd4 Bg7 28. Nc2 Nd7 29.
Bd4 Nc5 30. Bxg7 Kxg7 31. Ne3 Nxb3 32. Ned5 Na5 33. Rd1 Nc4 34. Rb1 Rc6 35. b3 Nb6 36. Kd3 Rxc3+ 37. Kxc3 Nxd5+ 38. exd5 Rxd5 39.
Re1 Rf5 40. Re3 h5 0-1

[Event "Top 12 Féminin 2026"]
[Site "Asnières-sur-Seine, France"]
[Date "2026.05.17"]
[Round "5.3"]
[White "Belenkaya, Dina"]
[Black "Alfano, Emilie"]
[Result "1-0"]
[TimeControl "1h30 / 40 moves + 30m + 30sec/move"]
[WhiteTitle "WGM"]
[BlackTitle "WFM"]
[WhiteFideId "-"]
[BlackFideId "-"]
[WhiteElo "2186"]
[BlackElo "2051"]

1. d4 d5 2. c4 e6 3. Nc3 Nf6 4. cxd5 exd5 5. Bg5 c6 6. e3 Bd6 7. Bd3 O-O 8. Nf3 Re8 9. O-O Be6 10.
Ne5 h6 11. Bh4 Nbd7 12. f4 Nf8 13. g4 Be7 14. Bg3 N6h7 15. h3 a6 16. Rc1 Bc8 17. Bb1 Qd6 18. Ne2 Qd8 19. Bh2 Bd7 20.
Ng3 Bd6 21. Rf3 Qe7 22. Qd3 Be6 23. Qc2 c5 24. Qg2 cxd4 25. exd4 Rec8 26. Rd1 Rc7 27. Re3 Qd8 28. f5 f6 29.
fxe6 fxe5 30. Qxd5 Nf6 31. Qb3 Qe7 32. Nf5 Qxe6 33. Nxd6 Qxb3 34. Rxb3 exd4 35. Nxb7 Re7 36. Bd3 Ne6 37.
Bc4 Kh8 38. Re1 1-0

[Event "Top 12 Féminin 2026"]
[Site "Asnières-sur-Seine, France"]
[Date "2026.05.17"]
[Round "5.4"]
[White "Negre, Emilie"]
[Black "Dornbusch, Tatiana"]
[Result "1/2-1/2"]
[TimeControl "1h30 / 40 moves + 30m + 30sec/move"]
[WhiteTitle "WFM"]
[BlackTitle "WGM"]
[WhiteFideId "-"]
[BlackFideId "-"]
[WhiteElo "2101"]
[BlackElo "2189"]

1. e4 e5 2. Nc3 Nf6 3. d4 exd4 4. Qxd4 Nc6 5. Qd3 Bb4 6. Bd2 O-O 7. O-O-O Qe7 8. Nge2 Qd6 9. Qh3 Qe6 10.
Qh4 Qg4 11. Bg5 Qxh4 12. Bxh4 Be7 13. f3 a6 14. g4 Re8 15. Bg3 d6 16. h4 b5 17. Nf4 Ne5 18. g5 Nfd7 19. Nfd5 Bd8 20.
f4 Nc6 21. b4 Ne7 22. Ne3 Nb6 23. f5 Nc6 24. a3 Ne5 25. Bxe5 Rxe5 26. Rg1 Bb7 27. f6 Na4 28. Nxa4 bxa4 29.
Nf5 Bxe4 30. Nxg7 a5 31. bxa5 Raxa5 32. Kd2 Rad5+ 33. Bd3 Bxd3 34. cxd3 c6 35. Rg4 Ba5+ 36. Kc1 Rc5+ 37. Kb1 Rb5+ 38.
Kc1 Rec5+ 39. Rc4 h6 40. gxh6 Kh7 41. Ne8 d5 42. Rxc5 Rxc5+ 43. Kb1 Rb5+ 44. Kc2 Rc5+ 45. Kb1 Rb5+ 46.
Kc2 Rc5+ 1/2-1/2